 Dungeon Crawl Stone Soup version 0.18-a0-1731-g08f49a8 (webtiles) character file.

1584 therodimus the Basher (level 8, 0/68 HPs)
             Began as a Deep Dwarf Fighter on Apr 11, 2016.
             Was a Believer of Makhleb.
             Slain by Menkaure (9 damage)
             ... on level 5 of the Dungeon.
             The game lasted 00:07:46 (3866 turns).

therodimus the Basher (Deep Dwarf Fighter)          Turns: 3866, Time: 00:07:46

Health: 0/68       AC: 13    Str: 21    XL:     8   Next: 61%
Magic:  7/7        EV:  7    Int:  8    God:    Makhleb [**....]
Gold:   280        SH:  9    Dex: 14    Spells: 0 memorised, 7 levels left

rFire  + . .     SeeInvis .     J - +3 mace of Darkness {freeze, +Fly rF+}
rCold  . . .     Gourm    .     b - +0 scale mail
rNeg   . . .     Faith    .     c - +0 shield
rPois  +         Spirit   .     (helmet restricted)
rElec  .         Dismiss  .     (no cloak)
rCorr  .         Reflect  .     x - +0 pair of gloves {archery}
SustAt .         Harm     .     (no boots)
MR     +....                    (no amulet)
Stlth  ..........               K - ring of poison resistance
                                H - +5 ring of protection

@: non-regenerating, somewhat resistant to hostile enchantments, extremely
unstealthy
A: damage resistance, recharge devices, beak, frail 1, sense surroundings 2,
slow regeneration 3
a: Device Recharging, Minor Destruction, Renounce Religion, Evoke Flight


You were on level 5 of the Dungeon.
You worshipped Makhleb.
Makhleb was pleased with you.
You were hungry.

You visited 1 branch of the dungeon, and saw 5 of its levels.

You collected 280 gold pieces.

Inventory:

Hand Weapons
 o - a +0 hunting sling
 C - a +1 whip of electrocution
 J - the +3 mace of Darkness (weapon) {freeze, +Fly rF+}
   (You found it on level 4 of the Dungeon)

   It has been specially enchanted to freeze those struck by it, causing extra
   injury to most foes and up to half again as much damage against particularly
   susceptible opponents.
   It can also slow down cold-blooded creatures.
   It protects you from fire.
   It lets you fly.
Missiles
 k - 41 sling bullets
Armour
 b - a +0 scale mail (worn)
 c - a +0 shield (worn)
 x - a +0 pair of gloves of archery (worn)
 D - a +2 helmet
Jewellery
 H - a +5 ring of protection (left hand)
 K - a ring of poison resistance (right hand)
Wands
 d - a wand of paralysis (13/24)
 e - a wand of heal wounds (5/9)
 B - a wand of iceblast (10/15)
Scrolls
 i - a scroll of remove curse
 j - a scroll of immolation
 l - 3 scrolls of teleportation
 s - a scroll of recharging
 w - a scroll of amnesia
 A - a scroll of magic mapping {unknown}
 F - a scroll of enchant weapon {unknown}
 I - a scroll of fog {unknown}
Potions
 g - a potion of heal wounds
 m - a potion of berserk rage {unknown}
 n - 2 potions of agility {unknown}
 p - a potion of flight
 u - 3 potions of curing {unknown}
 v - a potion of haste {unknown}
 G - a potion of ambrosia {unknown}
Comestibles
 f - 6 bread rations
 h - a beef jerky
 q - 5 meat rations
 z - 5 fruits


   Skills:
 + Level 6.2 Fighting
 * Level 9.2 Maces & Flails
 - Level 3.2 Armour
 - Level 3.2 Shields


You had 7 spell levels left.
You didn't know any spells.

Dungeon Overview and Level Annotations

Branches:
Dungeon (5/15)             Temple (0/1) D:5

Altars:
Elyvilon
Makhleb
Trog
The Shining One

Annotations:
D:5 Menkaure


Innate Abilities, Weirdness & Mutations

You are resistant to damage.
You can recharge devices by infusing magical energy.
You passively map the area around you.
You do not regenerate naturally.
You have a beak for a mouth.
You are frail (-10% HP).


Message History

You are too injured to fight recklessly!
You are too injured to fight recklessly!
You are too injured to fight recklessly!
You are too injured to fight recklessly!
You are too injured to fight recklessly!
You are too injured to fight recklessly!
You are too injured to fight recklessly!
You block the adder's attack.
You hit Menkaure.
Menkaure is lightly damaged.
Menkaure hits you!
* * * LOW HITPOINT WARNING * * *
You hit Menkaure. You freeze Menkaure.
Menkaure is moderately damaged.
You are feeling hungry.
Menkaure hits you. Menkaure closely misses you.
You hit Menkaure. You freeze Menkaure.
Menkaure is severely damaged.
Menkaure hits you!
You die...

≈
≈≈#.............#'#...........#
#.)...........'_+........##..
,+............##+#........#.)#
≈###.........###..............
≈ * #....#...## ###............
* ### #...##..## #............#
,....##..###.# #............#
#...#.)###.#### #............#
#......<##...@# #...>......#.#
#.....).#####M###..........#.#
#(......# ###oS###.)..........
*##......###.....###........##.
...................####.....##.
###..............#......#.....(
#......##.#.[...........##...
#.....)##.............####...
##....####............# #...


You could see Menkaure, an adder and an orc.

Vanquished Creatures
  Pikel (D:3)
  Sigmund (D:3)
  Eustachio (D:4)
  An eye of draining (D:3)
  2 slaves (D:3)
  An ogre (D:4)
  A jelly (D:5)
  5 orc wizards
  4 orc priests
  2 hounds
  An iguana (D:4)
  A worker ant (D:4)
  Ijyb (D:3)
  Robin (D:4)
  4 gnolls (D:4)
  6 adders
  An ooze (D:3)
  4 worms
  2 dart slugs (D:1)
  5 giant geckos
  15 orcs
  6 giant cockroaches
  31 goblins
  11 hobgoblins
  7 jackals
  A quokka (D:2)
  A ball python (D:1)
  6 bats
  A giant cockroach zombie (D:5)
  A giant gecko skeleton (D:5)
  3 giant newts
  A jackal zombie (D:5)
  10 kobolds
  10 rats
149 creatures vanquished.

Vanquished Creatures (others)
  A slave (D:4)
  A worker ant (D:4)
2 creatures vanquished.

Grand Total: 151 creatures vanquished

Notes
Turn   | Place    | Note
--------------------------------------------------------------
     0 | D:1      | therodimus the Deep Dwarf Fighter began the quest for the Orb.
     0 | D:1      | Reached XP level 1. HP: 20/20 MP: 1/1
   120 | D:1      | Reached XP level 2. HP: 27/27 MP: 2/2
   321 | D:1      | Reached skill level 3 in Maces & Flails
   531 | D:1      | Reached XP level 3. HP: 30/34 MP: 3/3
   971 | D:2      | Reached XP level 4. HP: 13/42 MP: 4/4
   973 | D:2      | Reached skill level 4 in Maces & Flails
  1525 | D:3      | Noticed Ijyb
  1560 | D:3      | Killed Ijyb
  1560 | D:3      | Reached XP level 5. HP: 16/49 MP: 5/5
  1769 | D:3      | Found a glowing golden altar of the Shining One.
  1775 | D:3      | Noticed Sigmund
  1791 | D:3      | Killed Sigmund
  1791 | D:3      | Reached skill level 5 in Maces & Flails
  1791 | D:3      | Reached XP level 6. HP: 46/57 MP: 6/6
  1928 | D:3      | Found a bloodstained altar of Trog.
  1948 | D:3      | Reached skill level 6 in Maces & Flails
  2390 | D:3      | Found a burning altar of Makhleb.
  2396 | D:3      | Became a worshipper of Makhleb the Destroyer
  2518 | D:4      | Noticed a slave
  2518 | D:4      | Noticed a slave
  2519 | D:4      | Noticed a slave
  2519 | D:4      | Noticed Pikel
  2520 | D:4      | Noticed a slave
  2550 | D:3      | Killed a slave
  2562 | D:3      | Killed a slave
  2721 | D:3      | Killed Pikel
  2721 | D:3      | Reached skill level 5 in Fighting
  2721 | D:3      | Reached skill level 7 in Maces & Flails
  2721 | D:3      | Reached XP level 7. HP: 29/67 MP: 7/7
  2831 | D:4      | Noticed Robin
  2859 | D:4      | Killed Robin
  2864 | D:4      | Reached * piety under Makhleb
  2864 | D:4      | Reached XP level 8. HP: 54/75 MP: 8/8
  2948 | D:4      | Reached skill level 8 in Maces & Flails
  3030 | D:4      | Got a bloodstained mace
  3031 | D:4      | Identified the +3 mace of Darkness {freeze, +Fly rF+} (You found it on level 4 of the Dungeon)
  3035 | D:4      | Gained mutation: You passively map the area around you. [potion of mutation]
  3035 | D:4      | Gained mutation: You are frail (-10% HP). [potion of mutation]
  3035 | D:4      | Gained mutation: You have a beak for a mouth. [potion of mutation]
  3411 | D:5      | Entered Level 5 of the Dungeon
  3411 | D:5      | Noticed Eustachio
  3545 | D:4      | Killed Eustachio
  3575 | D:4      | Reached skill level 9 in Maces & Flails
  3591 | D:5      | Reached ** piety under Makhleb
  3783 | D:5      | Found a staircase to the Ecumenical Temple.
  3840 | D:5      | Found a white marble altar of Elyvilon.
  3853 | D:5      | Noticed Menkaure
  3866 | D:5      | Slain by Menkaure

Vault maps used:
D:1:      minmay_arrival_glassed_features
D:2:      first_bread
D:3:      kennysheep_goblin_castle, trog_eyes_of_draining,
          lightli_temple_of_fire, nicolae_tso_carved_into_rock, uniq_sigmund
D:4:      grunt_ministairs_13, uniq_pikel, uniq_robin
D:5:      kennysheep_little_box, ashenzari_conservatory_becter, kennysheep_mini,
          minmay_temple_entry_trees, uniq_eustachio, uniq_menkaure, uniq_duvessa

Skill      XL: |  1  2  3  4  5  6  7  8 |
---------------+-------------------------+-----
Fighting       | 3 4 5 6 |  6.2
Maces & Flails | 3 4 5 7 9 |  9.2
Armour         | |  3.2
Shields        | |  3.2

Action                   |  1- 3 |  4- 6 |  7- 9 || total
-------------------------+-------+-------+-------++-------
Melee: Flail             |   161 |   205 |       ||   366
       Whip              |       |       |    51 ||    51
       Mace              |       |       |    93 ||    93
 Fire: Hunting sling     |       |    38 |       ||    38
 Abil: Device Recharging |       |       |     1 ||     1
Evoke: Wand              |       |     4 |     2 ||     6
  Use: Potion            |       |     1 |     2 ||     3
       Scroll            |       |       |    10 ||    10
  Eat: Chunk             |     1 |     6 |     3 ||    10
